| TOP OF THE 1ST |
|
Southern Maryland Blue Crabs batting - Pitching for Detroit Red Wings : RHP Andy Strange
|
|
Pitching: RHP Andy Strange
|
|
|
Batting: RHB Danny Baeza
|
0-0: Ball 1-0: Ball 2-0: Swinging Strike 2-1: Called Strike 2-2: Foul Ball, location: 2F 2-2: Ball 3-2: SINGLE (Groundball, 4M, EV 106.3 MPH) (infield hit)
|
|
Batting: RHB Daniel Jackson
|
0-0: SINGLE (Flyball, 78S, EV 98.8 MPH) Danny Baeza to second Runner from 2nd tries for 3rd, OUT! 7-5
|
|
Batting: RHB J.J. Basil
|
0-0: Called Strike 0-1: Swinging Strike 0-2: Fly out, F6 (Popup, 6S, EV 68.8 MPH)
|
|
Batting: RHB Ray Sims
|
0-0: Ball 1-0: Called Strike 1-1: Ground out 5-3 (Groundball, 15, EV 83.8 MPH)
|
| Top of the 1st over - 0 runs, 2 hits, 0 errors, 1 left on base; Southern Maryland 0 - Detroit 0 |
| BOTTOM OF THE 1ST |
|
Detroit Red Wings batting - Pitching for Southern Maryland Blue Crabs : LHP Jason Williams
|
|
Pitching: LHP Jason Williams
|
|
|
Batting: RHB Carlos Armenteros
|
0-0: Ball 1-0: Called Strike 1-1: Ball 2-1: Foul Ball, location: 2F 2-2: Strikes out swinging
|
|
Batting: LHB Jon Frederick
|
0-0: Ball 1-0: Foul Ball, location: 2F 1-1: Foul Ball, location: 2F 1-2: Foul Ball, location: 2F 1-2: Ball 2-2: Strikes out swinging
|
|
Batting: SHB Ross Holland
|
0-0: Swinging Strike 0-1: Ball 1-1: Called Strike 1-2: Foul Ball, location: 2F 1-2: Foul Ball, location: 2F 1-2: Foul Ball, location: 2F 1-2: Strikes out swinging
|
| Bottom of the 1st over - 0 runs, 0 hits, 0 errors, 0 left on base; Southern Maryland 0 - Detroit 0 |
| TOP OF THE 2ND |
|
Southern Maryland Blue Crabs batting - Pitching for Detroit Red Wings : RHP Andy Strange
|
|
Batting: LHB Adam Oldfield
|
0-0: Called Strike 0-1: Ball 1-1: Ball 2-1: Called Strike 2-2: Foul Ball, location: 2F 2-2: Ball 3-2: Fly out, F8 (Flyball, 8LD, EV 105.0 MPH)
|
|
Batting: RHB Mike Pitts
|
0-0: Fly out, F8 (Flyball, 8RD, EV 83.1 MPH)
|
|
Batting: RHB Matt Berrier
|
0-0: Ball 1-0: Called Strike 1-1: Ball 2-1: Ball 3-1: Base on Balls
|
|
Batting: RHB Danny Ayala
|
0-0: Ball 1-0: Foul Ball, location: 2F 1-1: Foul Ball, location: 2F 1-2: Ball 2-2: Foul Ball, location: 2F 2-2: Ground out 4-3 (Groundball, 4, EV 101.3 MPH)
|
| Top of the 2nd over - 0 runs, 0 hits, 0 errors, 1 left on base; Southern Maryland 0 - Detroit 0 |
| BOTTOM OF THE 2ND |
|
Detroit Red Wings batting - Pitching for Southern Maryland Blue Crabs : LHP Jason Williams
|
|
Batting: RHB Tony Nunez
|
0-0: Called Strike 0-1: Called Strike 0-2: Fly out, F8 (Flyball, 78M, EV 90.6 MPH)
|
|
Batting: RHB Jeremiah Washington
|
0-0: Called Strike 0-1: Ball 1-1: Hit by Pitch
|
|
Batting: LHB Glen Boyle
|
0-0: Called Strike 0-1: Ball Wild Pitch! Jeremiah Washington to second 1-1: Ball 2-1: Foul Ball, location: 2F 2-2: Ball 3-2: Base on Balls
|
|
Batting: SHB Eisse Wijnja
|
0-0: Ball 1-0: Grounds into double play, 4-6-3 (Groundball, 4, EV 101.3 MPH)
|
| Bottom of the 2nd over - 0 runs, 0 hits, 0 errors, 1 left on base; Southern Maryland 0 - Detroit 0 |
| TOP OF THE 3RD |
|
Southern Maryland Blue Crabs batting - Pitching for Detroit Red Wings : RHP Andy Strange
|
|
Batting: LHB Antonio Gutierrez
|
0-0: Swinging Strike 0-1: Fly out, F9 (Line Drive, 9, EV 91.3 MPH)
|
|
Batting: RHB Danny Baeza
|
0-0: Ball 1-0: Ball 2-0: Ball 3-0: Base on Balls
|
|
Batting: RHB Daniel Jackson
|
0-0: Foul Ball, location: 2F 0-1: SINGLE (Groundball, 56S, EV 67.5 MPH) (infield hit) Danny Baeza to second
|
|
Batting: RHB J.J. Basil
|
0-0: Called Strike Danny Baeza steals 3rd base Daniel Jackson to second 0-1: Ball 1-1: Called Strike 1-2: Ball 2-2: Foul Ball, location: 2F 2-2: Fly out, F7 (Flyball, 7D, EV 101.3 MPH) Runner from 3rd tags up, SCORES, no throw by LF Daniel Jackson to third
|
|
Batting: RHB Ray Sims
|
0-0: Foul Ball, location: 2F 0-1: Ball 1-1: Ball 2-1: Swinging Strike 2-2: Strikes out looking
|
| Top of the 3rd over - 1 run, 1 hit, 0 errors, 1 left on base; Southern Maryland 1 - Detroit 0 |
| BOTTOM OF THE 3RD |
|
Detroit Red Wings batting - Pitching for Southern Maryland Blue Crabs : LHP Jason Williams
|
|
Batting: LHB Steve Herrera
|
0-0: Ball 1-0: Ball 2-0: Called Strike 2-1: Foul Ball, location: 2F 2-2: Ball 3-2: Strikes out looking
|
|
Batting: LHB Jamie Christian
|
0-0: Ball 1-0: Swinging Strike 1-1: SINGLE (Line Drive, 7S, EV 91.3 MPH)
|
|
Batting: RHB Carlos Armenteros
|
0-0: Ball 1-0: Ball 2-0: Fly out, F9 (Line Drive, 9, EV 109.4 MPH)
|
|
Batting: LHB Jon Frederick
|
0-0: Foul Ball, location: 2F 0-1: Ball 1-1: Swinging Strike 1-2: Ball 2-2: Foul Ball, location: 2F 2-2: Foul Ball, location: 2F 2-2: Strikes out swinging
|
| Bottom of the 3rd over - 0 runs, 1 hit, 0 errors, 1 left on base; Southern Maryland 1 - Detroit 0 |
| TOP OF THE 4TH |
|
Southern Maryland Blue Crabs batting - Pitching for Detroit Red Wings : RHP Andy Strange
|
|
Batting: LHB Adam Oldfield
|
0-0: Called Strike 0-1: Called Strike 0-2: Strikes out looking
|
|
Batting: RHB Mike Pitts
|
0-0: Called Strike 0-1: Ball 1-1: Ball 2-1: Foul Ball, location: 2F 2-2: Foul Ball, location: 2F 2-2: SINGLE (Line Drive, 8RS, EV 106.9 MPH)
|
|
Batting: RHB Matt Berrier
|
0-0: Called Strike 0-1: Ball 1-1: Swinging Strike 1-2: Ball 2-2: Strikes out swinging
|
|
Batting: RHB Danny Ayala
|
0-0: Ball 1-0: Fly out, F4 (Line Drive, 4, EV 65.0 MPH)
|
| Top of the 4th over - 0 runs, 1 hit, 0 errors, 1 left on base; Southern Maryland 1 - Detroit 0 |
| BOTTOM OF THE 4TH |
|
Detroit Red Wings batting - Pitching for Southern Maryland Blue Crabs : LHP Jason Williams
|
|
Batting: SHB Ross Holland
|
0-0: Ball 1-0: SOLO HOME RUN (Line Drive, 78XD, EV 112.5 MPH), Distance : 443 ft
|
|
Batting: RHB Tony Nunez
|
0-0: Called Strike 0-1: Foul Ball, location: 2F 0-2: Strikes out looking
|
|
Batting: RHB Jeremiah Washington
|
0-0: Called Strike 0-1: Foul Ball, location: 2F 0-2: Ball 1-2: Strikes out swinging
|
|
Batting: LHB Glen Boyle
|
0-0: Ball 1-0: Called Strike 1-1: Ball 2-1: Ground out 4-3 (Groundball, 4, EV 78.8 MPH)
|
| Bottom of the 4th over - 1 run, 1 hit, 0 errors, 0 left on base; Southern Maryland 1 - Detroit 1 |
| TOP OF THE 5TH |
|
Southern Maryland Blue Crabs batting - Pitching for Detroit Red Wings : RHP Andy Strange
|
|
Batting: LHB Antonio Gutierrez
|
0-0: Called Strike 0-1: SINGLE (Groundball, 6D, EV 102.5 MPH)
|
|
Batting: RHB Danny Baeza
|
0-0: Called Strike 0-1: Called Strike 0-2: Foul Ball, location: 2F 0-2: Foul Ball, location: 2F 0-2: Foul Ball, location: 2F 0-2: Ball 1-2: SINGLE (Line Drive, 89S, EV 90.0 MPH) Antonio Gutierrez to second Runner from 2nd tries for 3rd, SAFE, throw by RF made to third
|
|
Batting: RHB Daniel Jackson
|
0-0: Called Strike 0-1: Ball 1-1: Ball 2-1: SINGLE (Groundball, 56, EV 83.8 MPH) (infield hit) Antonio Gutierrez scores Danny Baeza to second
|
|
Batting: RHB J.J. Basil
|
0-0: Foul Ball, location: 2F 0-1: Fly out, F9 (Line Drive, 9, EV 97.5 MPH)
|
|
Batting: RHB Ray Sims
|
0-0: SINGLE (Groundball, 15S, EV 71.3 MPH) (infield hit) Danny Baeza to third Daniel Jackson to second
|
|
Batting: LHB Adam Oldfield
|
0-0: Called Strike 0-1: Swinging Strike 0-2: Ball 1-2: Foul Ball, location: 2F 1-2: Fly out, F6 (Popup, 6D, EV 55.6 MPH)
|
|
Batting: RHB Mike Pitts
|
0-0: Foul Ball, location: 2F 0-1: Ball 1-1: SINGLE (Flyball, 3D, EV 92.5 MPH) Danny Baeza scores Daniel Jackson to third Ray Sims to second Runner from 3rd tries for Home, SAFE, throw by RF to home
|
|
Batting: RHB Matt Berrier
|
0-0: Ball 1-0: Foul Ball, location: 2F 1-1: Fielders Choice at 2nd, 6-4 (Groundball, 6, EV 103.1 MPH)
|
| Top of the 5th over - 3 runs, 5 hits, 0 errors, 2 left on base; Southern Maryland 4 - Detroit 1 |
| BOTTOM OF THE 5TH |
|
Detroit Red Wings batting - Pitching for Southern Maryland Blue Crabs : LHP Jason Williams
|
|
Batting: SHB Eisse Wijnja
|
0-0: Foul Ball, location: 2F 0-1: Ball 1-1: Ball 2-1: Swinging Strike 2-2: Strikes out swinging
|
|
Batting: LHB Steve Herrera
|
0-0: Swinging Strike 0-1: Ball 1-1: Ball 2-1: Ball 3-1: Called Strike 3-2: Strikes out swinging
|
|
Batting: LHB Jamie Christian
|
0-0: Called Strike 0-1: Foul Ball, location: 2F 0-2: Ball 1-2: Strikes out swinging
|
| Bottom of the 5th over - 0 runs, 0 hits, 0 errors, 0 left on base; Southern Maryland 4 - Detroit 1 |
| TOP OF THE 6TH |
|
Southern Maryland Blue Crabs batting - Pitching for Detroit Red Wings : RHP Andy Strange
|
|
Batting: RHB Danny Ayala
|
0-0: Swinging Strike 0-1: Called Strike 0-2: Strikes out swinging
|
|
Batting: LHB Antonio Gutierrez
|
0-0: Ground out U3 (Groundball, 3, EV 110.0 MPH)
|
|
Batting: RHB Danny Baeza
|
0-0: Called Strike 0-1: Fly out, F9 (Flyball, 89M, EV 96.3 MPH)
|
| Top of the 6th over - 0 runs, 0 hits, 0 errors, 0 left on base; Southern Maryland 4 - Detroit 1 |
| BOTTOM OF THE 6TH |
|
Detroit Red Wings batting - Pitching for Southern Maryland Blue Crabs : LHP Jason Williams
|
|
Batting: RHB Carlos Armenteros
|
0-0: Foul Ball, location: 2F 0-1: Called Strike 0-2: Foul Ball, location: 2F 0-2: Foul Ball, location: 2F 0-2: Fly out, F7 (Flyball, 7D, EV 99.4 MPH)
|
|
Batting: LHB Jon Frederick
|
0-0: Foul Ball, location: 2F 0-1: Ball 1-1: Ball 2-1: Called Strike 2-2: Foul Ball, location: 2F 2-2: Strikes out swinging
|
|
Batting: SHB Ross Holland
|
0-0: Ball 1-0: Swinging Strike 1-1: Foul Ball, location: 2F 1-2: Foul Ball, location: 2F 1-2: Foul Ball, location: 2F 1-2: Ball 2-2: SINGLE (Flyball, 78S, EV 96.3 MPH)
|
|
Batting: RHB Tony Nunez
|
0-0: Ball 1-0: Ball 2-0: Fielders Choice at 2nd, 6-4 (Groundball, 6, EV 86.9 MPH)
|
| Bottom of the 6th over - 0 runs, 1 hit, 0 errors, 1 left on base; Southern Maryland 4 - Detroit 1 |
| TOP OF THE 7TH |
|
Southern Maryland Blue Crabs batting - Pitching for Detroit Red Wings : RHP Andy Strange
|
|
Batting: RHB Daniel Jackson
|
0-0: Called Strike 0-1: Foul Ball, location: 2F 0-2: Foul Ball, location: 2F 0-2: SOLO HOME RUN (Flyball, 7D, EV 100.0 MPH), Distance : 382 ft
|
|
Batting: RHB J.J. Basil
|
0-0: Ball 1-0: SOLO HOME RUN (Flyball, 7LD, EV 96.3 MPH), Distance : 352 ft
|
|
Batting: RHB Ray Sims
|
0-0: Foul Ball, location: 2F 0-1: Ball 1-1: Ball 2-1: Ball 3-1: Base on Balls
|
|
Pitching: RHP Adam Fisher
|
|
|
Batting: LHB Adam Oldfield
|
0-0: Ball 1-0: Ball Ray Sims is caught stealing 2nd base 2-6 2-0: Ball 3-0: Base on Balls
|
|
Batting: RHB Mike Pitts
|
0-0: Ball 1-0: Called Strike 1-1: Ball 2-1: Ball 3-1: Base on Balls Adam Oldfield to second
|
|
Batting: RHB Matt Berrier
|
0-0: Grounds into double play, 1-4-3 (Groundball, P, EV 72.5 MPH)
|
| Top of the 7th over - 2 runs, 2 hits, 0 errors, 1 left on base; Southern Maryland 6 - Detroit 1 |
| BOTTOM OF THE 7TH |
|
Detroit Red Wings batting - Pitching for Southern Maryland Blue Crabs : LHP Jason Williams
|
|
Batting: RHB Jeremiah Washington
|
0-0: Ball 1-0: Swinging Strike 1-1: Foul Ball, location: 2F 1-2: Strikes out swinging
|
|
Batting: LHB Glen Boyle
|
0-0: Ball 1-0: Called Strike 1-1: Foul Ball, location: 2F 1-2: Strikes out swinging
|
|
Batting: SHB Eisse Wijnja
|
0-0: Ball 1-0: Called Strike 1-1: Swinging Strike 1-2: Ball 2-2: Foul Ball, location: 2F 2-2: Ball 3-2: Ground out 4-3 (Groundball, 4, EV 85.0 MPH)
|
| Bottom of the 7th over - 0 runs, 0 hits, 0 errors, 0 left on base; Southern Maryland 6 - Detroit 1 |
| TOP OF THE 8TH |
|
Southern Maryland Blue Crabs batting - Pitching for Detroit Red Wings : RHP Adam Fisher
|
|
Batting: RHB Danny Ayala
|
0-0: Foul Ball, location: 2F 0-1: Ball 1-1: Ground out U3 (Groundball, 3, EV 103.1 MPH)
|
|
Batting: LHB Antonio Gutierrez
|
0-0: Called Strike 0-1: Foul Ball, location: 2F 0-2: Ball 1-2: Strikes out swinging
|
|
Batting: RHB Danny Baeza
|
0-0: Ball 1-0: Swinging Strike 1-1: Foul Ball, location: 2F 1-2: Strikes out swinging, 2-3 out at first.
|
| Top of the 8th over - 0 runs, 0 hits, 0 errors, 0 left on base; Southern Maryland 6 - Detroit 1 |
| BOTTOM OF THE 8TH |
|
Detroit Red Wings batting - Pitching for Southern Maryland Blue Crabs : LHP Jason Williams
|
|
Batting: LHB Steve Herrera
|
0-0: Called Strike 0-1: Hit by Pitch
|
|
Batting: LHB Jamie Christian
|
0-0: Ball 1-0: Called Strike 1-1: Swinging Strike 1-2: Foul Ball, location: 2F 1-2: Foul Ball, location: 2F 1-2: Strikes out swinging
|
|
Pitching: RHP Tim Bemish
|
|
|
Batting: RHB Carlos Armenteros
|
0-0: Foul Ball, location: 2F 0-1: Called Strike 0-2: Strikes out swinging
|
|
Batting: LHB Jon Frederick
|
0-0: Foul Ball, location: 2F 0-1: Foul Ball, location: 2F 0-2: Ball 1-2: Ball 2-2: Ball 3-2: Fly out, F8 (Flyball, 8RD, EV 102.5 MPH)
|
| Bottom of the 8th over - 0 runs, 0 hits, 0 errors, 1 left on base; Southern Maryland 6 - Detroit 1 |
| TOP OF THE 9TH |
|
Southern Maryland Blue Crabs batting - Pitching for Detroit Red Wings : RHP Adam Fisher
|
|
Batting: RHB Daniel Jackson
|
0-0: Called Strike 0-1: Fly out, F9 (Line Drive, 9D, EV 92.5 MPH)
|
|
Batting: RHB J.J. Basil
|
0-0: Swinging Strike 0-1: Ball 1-1: Called Strike 1-2: Ball 2-2: Foul Ball, location: 2F 2-2: Strikes out looking
|
|
Batting: RHB Ray Sims
|
0-0: Called Strike 0-1: Ball 1-1: Called Strike 1-2: Ball 2-2: DOUBLE (Line Drive, 78D, EV 101.3 MPH)
|
|
Batting: LHB Adam Oldfield
|
0-0: Ball 1-0: Called Strike 1-1: Foul Ball, location: 2F 1-2: Ball 2-2: SINGLE (Line Drive, 4MD, EV 97.5 MPH) Ray Sims to third Runner from 3rd tries for Home, SAFE, throw by CF to home Adam Oldfield to second
|
|
Batting: RHB Mike Pitts
|
0-0: Ball 1-0: Ball 2-0: Called Strike 2-1: Ball 3-1: Foul Ball, location: 2F 3-2: Ground out U3 (Groundball, 3, EV 90.0 MPH)
|
| Top of the 9th over - 1 run, 2 hits, 0 errors, 1 left on base; Southern Maryland 7 - Detroit 1 |
| BOTTOM OF THE 9TH |
|
Detroit Red Wings batting - Pitching for Southern Maryland Blue Crabs : RHP Tim Bemish
|
|
Batting: SHB Ross Holland
|
0-0: Ball 1-0: Foul Ball, location: 2F 1-1: Foul Ball, location: 2F 1-2: Strikes out swinging
|
|
Batting: RHB Tony Nunez
|
0-0: Called Strike 0-1: Ball 1-1: Fly out, F9 (Flyball, 9, EV 89.4 MPH)
|
|
Batting: RHB Jeremiah Washington
|
0-0: Ball 1-0: Called Strike 1-1: DOUBLE (Line Drive, 9LM, EV 108.8 MPH)
|
|
Batting: LHB Glen Boyle
|
0-0: Ball 1-0: Ball 2-0: Foul Ball, location: 2F 2-1: Ball 3-1: Foul Ball, location: 2F 3-2: Foul Ball, location: 2F 3-2: Foul Ball, location: 2F 3-2: Foul Ball, location: 2F 3-2: SINGLE (Line Drive, 9S, EV 101.3 MPH) Jeremiah Washington to third
|
|
Batting: SHB Eisse Wijnja
|
0-0: Fly out, F7 (Flyball, 7D, EV 102.5 MPH)
|
| Bottom of the 9th over - 0 runs, 2 hits, 0 errors, 2 left on base; Southern Maryland 7 - Detroit 1 |
|